AoeStats
← Big哥

Arena

510213107Analyzed
4v4 RM · 3d ago on Sep 30, 2026· 48m 39s· 8 players
Game mode
Random Map
Map size
Large (8 player)
Population
200
Speed
Normal
Resources
Standard
Victory
Conquest
Starting age
Dark Age
Ending age
Imperial Age
RankedLock teamsTeams togetherTeam positionsShared explorationLock speedFull tech treeHidden civsTurbo modeCheats
Victory
Defeat
🇨🇳 Huns · China
1077
+12
🇺🇸 Magyars · United States
1068
+13
🇵🇪 Portuguese · Peru
1046
+14
🇵🇪 Bohemians · Peru
1036
+14
🇦🇷 Lithuanians · Argentina
1025
-15
🇦🇷 Byzantines · Argentina
1017
-14
🇦🇷 Khmer · Argentina
975
-12
🇦🇷 Spanish · Argentina
960
-12
Dozer
5:09 Loom
10:25 Feudal Age
15:37 Castle Age
13:45 Double-Bit Axe
16:18 Horse Collar
16:49 Bow Saw
20:00 Heavy Plow
24:13 Wheelbarrow
25:56 Gold Mining
25:58 Stone Mining
27:38 Gold Shaft Mining
28:23 Hand Cart
30:56 Imperial Age
28:31 Fletching
28:42 Padded Archer Armor
28:33 Town Watch
32:08 Thumb Ring
32:29 Parthian Tactics
32:07 Bodkin Arrow
32:19 Scale Barding Armor
32:25 Caravan
33:06 Ballistics
33:46 Chemistry
32:53 Siege Engineers
32:29 Treadmill Crane
32:59 Masonry
32:45 Murder Holes
32:57 Bracer
33:13 Leather Archer Armor
33:31 Crop Rotation
34:05 Two-Man Saw
34:19 Heavy Cavalry Archer
35:33 Ring Archer Armor
36:22 Husbandry
36:32 Bloodlines
37:43 Recurve Bow
38:04 Conscription
38:46 Chain Barding Armor
39:04 Coinage
38:42 Corvinian Army
38:05 Elite Magyar Huszar
39:39 Cavalier
40:31 Paladin
42:26 Hoardings
43:03 Town Patrol
43:49 Banking
46:40 Plate Barding Armor
marshall_o18
0:39 Loom
9:48 Feudal Age
17:09 Castle Age
15:38 Double-Bit Axe
15:58 Horse Collar
30:28 Imperial Age
30:00 Chemistry
29:51 Bow Saw
29:21 Pikeman
29:47 Arson
31:09 Squires
31:15 Halberdier
34:42 Scale Mail Armor
34:53 Forging
34:35 Town Watch
36:34 Chain Mail Armor
36:20 Padded Archer Armor
36:10 Fletching
39:43 Bodkin Arrow
40:03 Leather Archer Armor
40:19 Plate Mail Armor
40:25 Iron Casting
40:41 Bracer
43:40 Man-at-Arms
46:39 Blast Furnace
46:09 Ring Archer Armor
Crissss
12:15 Feudal Age
10:52 Loom
13:45 Double-Bit Axe
17:25 Castle Age
16:42 Gold Mining
24:02 Imperial Age
22:12 Stone Mining
28:49 Chemistry
28:52 Pikeman
29:24 Fletching
30:42 Town Watch
32:21 Conscription
32:08 Scale Mail Armor
33:23 Halberdier
34:27 Elite Organ Gun
37:44 Arquebus
38:45 Chain Mail Armor
38:41 Forging
39:46 Siege Engineers
41:34 Fortified Wall
43:16 Plate Mail Armor
43:21 Iron Casting
45:14 Bodkin Arrow
Big哥
10:32 Feudal Age
19:23 Castle Age
17:44 Double-Bit Axe
18:51 Horse Collar
26:07 Gold Mining
26:20 Stone Mining
28:57 Gold Shaft Mining
29:10 Wheelbarrow
31:51 Imperial Age
29:54 Marauders
30:30 Bloodlines
30:21 Husbandry
30:43 Hand Cart
30:56 Forging
30:53 Scale Barding Armor
32:25 Iron Casting
33:05 Conscription
33:13 Chain Barding Armor
34:21 Blast Furnace
33:22 Elite Tarkan
35:00 Atheism
38:53 Plate Barding Armor
44:55 Bow Saw
DON JULIO
12:19 Feudal Age
17:37 Castle Age
15:47 Double-Bit Axe
15:50 Horse Collar
16:20 Stone Mining
18:34 Bow Saw
18:46 Gold Mining
21:49 Heavy Plow
27:05 Imperial Age
25:46 Gold Shaft Mining
25:48 Stone Shaft Mining
29:23 Conscription
29:42 Light Cavalry
30:33 Bloodlines
30:29 Husbandry
31:07 Loom
34:49 Double Crossbow
40:19 Chemistry
39:41 Ballistics
40:20 Hussar
41:50 Wheelbarrow
41:30 Elite Ballista Elephant
47:59 Siege Engineers
ADAM SMASHER
8:22 Loom
11:28 Feudal Age
16:30 Castle Age
15:23 Double-Bit Axe
15:19 Horse Collar
16:29 Bloodlines
16:37 Forging
17:21 Husbandry
19:10 Wheelbarrow
20:20 Town Watch
21:46 Heavy Plow
23:53 Bow Saw
25:26 Hand Cart
31:13 Imperial Age
28:28 Treadmill Crane
31:46 Iron Casting
31:17 Scale Barding Armor
31:16 Cavalier
32:34 Conscription
33:40 Chemistry
33:01 Ballistics
33:59 Paladin
35:18 Chain Barding Armor
39:03 Light Cavalry
39:29 Elite Skirmisher
40:01 Fletching
40:12 Padded Archer Armor
40:47 Plate Barding Armor
42:06 Gold Mining
42:32 Tower Shields
43:28 Winged Hussar
44:29 Thumb Ring
TOMASMILONGA
10:38 Feudal Age
12:54 Loom
15:43 Castle Age
15:17 Double-Bit Axe
16:13 Horse Collar
17:15 Heavy Plow
17:03 Pikeman
22:39 Wheelbarrow
22:17 Gold Mining
24:16 Bow Saw
29:54 Imperial Age
29:24 Gold Shaft Mining
29:05 Stone Mining
29:41 Padded Archer Armor
29:54 Forging
29:45 Scale Mail Armor
29:35 Fletching
31:09 Conscription
30:18 Onager
34:48 Chemistry
33:22 Elite Skirmisher
34:41 Padded Archer Armor
34:36 Bodkin Arrow
34:57 Chain Mail Armor
35:17 Iron Casting
37:12 Halberdier
40:41 Leather Archer Armor
40:26 Bracer
PAPA FRANCISCO
10:43 Feudal Age
11:35 Loom
15:34 Castle Age
13:42 Horse Collar
14:35 Double-Bit Axe
16:33 Heavy Plow
19:18 Stone Mining
22:58 Town Watch
26:53 Imperial Age
26:01 Scale Barding Armor
26:07 Forging
26:24 Elite Skirmisher
27:19 Fletching
27:29 Padded Archer Armor
30:32 Chemistry
32:17 Leather Archer Armor
31:58 Bodkin Arrow
33:41 Ring Archer Armor
39:15 Conscription
39:34 Thumb Ring
41:25 Bracer
41:52 Elite Conquistador
41:59 Elite Conquistador
43:37 Chain Barding Armor
43:53 Iron Casting
Connection lost

Rejoining the realm…

Still unreachable

The connection could not be restored.

Session expired

The server has moved on; the page needs a fresh start.